Map: Proxima Station LE

Players

Optimus - Winner!

  • Race: Terran Terran
  • Spawn Location: 1:00

Majestic

  • Race: Protoss Protoss
  • Spawn Location: 7:00

Event: WCS Valencia 2017

VOD

Have the link to the VOD?

Description

Time

  • Played on: July 13, 2017, 9:43 a.m.
  • Length: 12:49

All games in this series

Show
View Real Time Build Order
Export as new Build Order

Optimus Terran - Winner!

Build Orders: MMM Bio 

Get SALT Encoding   

  12  0:00  SCV  
  13  0:12  SCV  
  14  0:17  Supply Depot  
  14  0:24  SCV  
  15  0:29  Refinery  
  15  0:39  SCV  
  16  0:45  Barracks  
  16  0:51  SCV  
  17  1:03  SCV  
  18  1:15  SCV  
  19  1:32  Reaper, Orbital Command  
  20  1:44  Command Center  
  20  1:56  Factory  
  20  2:00  SCV  
  21  2:06  Barracks Reactor  
  21  2:11  Refinery  
  21  2:14  SCV  
  22  2:19  Supply Depot  
  22  2:26  SCV  
  23  2:41  SCV  
  24  2:45  Starport  
  24  2:48  Widow Mine x2  
  24  2:51  Marine  
  28  2:53  SCV  
  30  3:01  Orbital Command  
  30  3:09  Marine  
  31  3:17  Widow Mine x2  
  35  3:21  SCV  
  35  3:24  Viking  
  37  3:27  SCV  
  37  3:33  Supply Depot  
  38  3:35  Marine  
  38  3:37  SCV  
  40  3:42  SCV  
  40  3:45  Widow Mine  
  40  3:46  Widow Mine  
  45  3:49  SCV  
  45  3:55  Supply Depot  
  46  3:56  Medivac  
  46  3:58  Marine  
  46  4:00  SCV  
  46  4:02  SCV  
  51  4:12  SCV  
  52  4:21  SCV  
  53  4:27  SCV  
  53  4:28  Command Center  
  53  4:30  Marine x2  
  53  4:31  Cyclone  
  59  4:35  SCV  
  59  4:36  Supply Depot  
  60  4:39  SCV  
  61  4:48  Barracks  
  61  4:50  Starport Tech Lab  
  61  4:51  Barracks  
  61  4:52  Marine  
  61  4:58  SCV, Marine  
  65  5:02  Supply Depot  
  65  5:06  Cyclone  
  67  5:07  SCV  
  67  5:10  SCV  
  67  5:11  Refinery  
  69  5:14  Starport Tech Lab  
  69  5:16  Marine  
  69  5:20  Supply Depot  
  70  5:23  SCV x2, Marine  
  73  5:31  Engineering Bay x2  
  73  5:35  SCV x2, Marine  
  75  5:40  Orbital Command  
  76  5:44  Stimpack  
  76  5:45  Marine, Starport Reactor  
  76  5:46  Marine  
  76  5:47  Marine  
  76  5:49  SCV  
  80  5:53  Refinery  
  80  5:56  SCV  
  81  5:58  Marine  
  81  6:01  SCV  
  81  6:02  Terran Infantry Weapons Level 1  
  81  6:03  Terran Infantry Armor Level 1  
  83  6:08  SCV  
  84  6:12  Orbital Command  
  84  6:13  SCV  
  84  6:14  Barracks  
  84  6:15  Barracks  
  85  6:20  SCV, Marine x2  
  85  6:22  Medivac  
  85  6:23  Medivac  
  92  6:25  SCV  
  92  6:26  Factory Reactor  
  89  6:32  SCV  
  89  6:34  Marine  
  89  6:35  Marine  
  89  6:38  SCV  
  91  6:43  SCV, Marine x2  
  89  6:48  SCV  
  89  6:50  SCV  
  89  6:52  Marine x2  
  92  6:54  Medivac  
  92  6:55  Medivac  
  92  6:57  Combat Shields  
  92  6:59  SCV  
  92  7:00  SCV  
  92  7:03  Barracks Tech Lab, Barracks Reactor  
  92  7:04  Marine x2  
  92  7:05  SCV  
  95  7:12  Marauder x2  
  95  7:13  SCV  
  98  7:19  SCV  
  98  7:20  Barracks x2, SCV  
  98  7:22  Barracks  
  96  7:23  Marauder, Marine  
  96  7:27  Widow Mine  
  101  7:32  Widow Mine  
  101  7:33  Armory  
  101  7:35  Supply Depot  
  101  7:36  SCV x2  
  105  7:39  Supply Depot  
  105  7:41  Marauder  
  107  7:45  Marine x2  
  109  7:52  Marine x2  
  109  7:56  Widow Mine  
  109  7:57  Marauder x2, SCV, Supply Depot x2  
  116  7:58  SCV  
  116  7:59  Refinery  
  116  8:01  Widow Mine, Concussive Shells  
  116  8:03  Marauder  
  121  8:07  Bunker  
  121  8:10  Barracks Tech Lab, Marine x2  
  121  8:11  Barracks Tech Lab, Supply Depot  
  121  8:12  Barracks Tech Lab  
  121  8:15  SCV  
  122  8:23  Marauder x2, Marine x2  
  122  8:25  Terran Infantry Weapons Level 2  
  122  8:26  Terran Infantry Armor Level 2  
  127  8:29  Marine x2  
  127  8:33  Marauder  
  131  8:40  Marauder x2  
  131  8:41  Marine  
  138  8:43  Widow Mine x2, Supply Depot  
  140  8:49  Marauder x2  
  140  8:52  Marine  
  140  8:55  Medivac  
  149  8:57  Medivac  
  149  9:02  Marauder x2, Marine  
  155  9:08  Marine x2  
  159  9:15  Marauder x2  
  159  9:16  Command Center  
  159  9:17  Marauder  
  162  9:19  Supply Depot  
  162  9:28  Medivac  
  164  9:36  Marine  
  165  9:40  Medivac, Marine x2  
  165  9:41  Marauder x2, Supply Depot  
  165  9:42  Supply Depot  
  173  9:53  Supply Depot  
  173  10:02  Marine  
  173  10:03  Marauder x3  
  173  10:04  Marauder x3  
  173  10:06  Medivac  
  186  10:10  Medivac  
  186  10:21  Marine  
  187  10:23  Widow Mine x2  
  187  10:24  Marauder x3, Marine x2  
  194  10:35  Marauder x2, Marine  
  193  10:36  Marine  
  192  10:43  Marine x2  
  192  10:44  Marine  
  192  10:45  Marine  
  192  10:46  Marauder x2  
  200  10:53  Marine  
  190  11:02  Marauder x2, Marine x2  
  191  11:07  Marauder x2, Marine x2  
  192  11:12  Planetary Fortress  
  192  11:15  Marauder, Marine  
  193  11:20  Marine  
  193  11:24  Marauder x2  
  188  11:26  Marauder  
  188  11:28  Marauder x2  
  188  11:31  Starport  
  186  11:37  Marauder  
  187  11:45  Marauder x2  
  190  11:52  Marauder  
  190  11:53  Marauder x2  
  194  12:01  Marauder, Marine x2  
  187  12:05  Marine  
  187  12:06  Marauder, Marine  
  191  12:13  Marauder, Marine  
  191  12:14  Marauder  
  192  12:18  Refinery  
  192  12:19  Starport Tech Lab  
  192  12:22  Fusion Core  
  178  12:26  Marauder  
  178  12:27  Marauder  
Show
View Real Time Build Order
Export as new Build Order

Majestic Protoss 

Build Orders: 1 Gate Expand, Oracle Opening, Phoenix Opening 

Get SALT Encoding   

  12  0:01  Probe (Chrono Boost)  
  13  0:11  Probe (Chrono Boost)  
  14  0:17  Pylon  
  14  0:22  Probe (Chrono Boost)  
  15  0:35  Probe (Chrono Boost)  
  16  0:37  Gateway  
  16  0:44  Assimilator  
  16  0:46  Probe (Chrono Boost)  
  17  0:56  Probe (Chrono Boost)  
  18  1:07  Probe (Chrono Boost)  
  19  1:22  Nexus  
  19  1:31  Cybernetics Core  
  19  1:33  Probe (Chrono Boost)  
  19  1:38  Assimilator  
  20  1:43  Probe (Chrono Boost)  
  21  1:51  Pylon  
  22  1:54  Probe (Chrono Boost)  
  22  2:04  Probe (Chrono Boost)  
  23  2:09  Warp Gate, Adept (Chrono Boost)  
  25  2:16  Probe  
  26  2:27  Stargate  
  26  2:28  Probe  
  27  2:33  Adept (Chrono Boost)  
  27  2:35  Probe  
  30  2:40  Probe  
  31  2:45  Probe  
  32  2:52  Probe (Chrono Boost)  
  32  2:57  Probe (Chrono Boost)  
  34  3:02  Adept  
  34  3:04  Probe (Chrono Boost)  
  37  3:07  Probe (Chrono Boost)  
  37  3:12  Oracle (Chrono Boost)  
  38  3:14  Probe  
  38  3:15  Pylon  
  38  3:17  Probe (Chrono Boost)  
  42  3:27  Mothership Core (Chrono Boost)  
  44  3:29  Probe (Chrono Boost)  
  44  3:30  Pylon  
  45  3:38  Gateway  
  45  3:39  Probe, Gateway  
  46  3:46  Probe  
  47  3:49  Probe  
  47  3:50  Phoenix (Chrono Boost)  
  50  3:58  Probe  
  50  3:59  Pylon  
  50  4:00  Probe  
  52  4:10  Probe x2  
  52  4:12  Phoenix (Chrono Boost)  
  52  4:16  Pylon  
  56  4:18  Adept  
  56  4:21  Probe  
  56  4:22  Probe  
  60  4:31  Nexus  
  60  4:35  Assimilator  
  60  4:38  Probe  
  57  4:39  Assimilator, Probe  
  57  4:44  Oracle (Chrono Boost)  
  62  4:48  Probe  
  62  4:51  Probe  
  64  4:59  Probe  
  65  5:07  Forge  
  65  5:09  Probe x2  
  65  5:10  Twilight Council  
  67  5:15  Phoenix (Chrono Boost)  
  67  5:20  Probe  
  67  5:21  Probe  
  70  5:24  Pylon  
  70  5:30  Probe, Adept x3  
  70  5:33  Probe  
  70  5:35  Resonating Glaives  
  78  5:42  Probe x2, Phoenix (Chrono Boost)  
  80  5:45  Probe  
  80  5:48  Protoss Ground Weapons Level 1 (Chrono Boost)  
  83  5:53  Probe  
  83  5:54  Probe  
  85  5:57  Pylon, Probe  
  85  5:59  Gateway  
  85  6:03  Probe  
  84  6:06  Probe  
  84  6:07  Gateway  
  84  6:08  Gateway  
  86  6:12  Gateway  
  86  6:13  Phoenix  
  88  6:24  Probe  
  83  6:26  Zealot, Adept x2  
  83  6:30  Adept  
  83  6:32  Adept x2  
  83  6:36  Probe  
  81  6:40  Photon Cannon x2  
  81  6:43  Probe  
  81  6:45  Probe  
  69  6:54  Probe  
  69  6:57  Oracle  
  72  7:01  Adept x2  
  72  7:02  Adept x2  
  72  7:07  Probe x2  
  81  7:10  Pylon  
  82  7:20  Adept x3  
  88  7:26  Probe  
  89  7:31  Adept  
  89  7:32  Adept  
  89  7:33  Blink  
  89  7:34  Adept  
  97  7:37  Pylon  
  97  7:42  Probe  
  97  7:44  Probe x2, Protoss Ground Weapons Level 2 (Chrono Boost)  
  100  7:52  Pylon  
  100  7:53  Probe  
  100  7:56  Probe x2  
  101  7:59  Pylon  
  101  8:02  Assimilator  
  101  8:04  Probe  
  102  8:06  Assimilator, Robotics Facility  
  102  8:08  Probe x2  
  104  8:14  Probe  
  104  8:15  Adept  
  104  8:16  Adept x3  
  113  8:20  Adept x2  
  113  8:24  Probe  
  113  8:25  Probe  
  119  8:34  Probe  
  119  8:36  Probe  
  119  8:37  Sentry x2  
  119  8:40  Pylon x2  
  125  8:42  Pylon  
  125  8:52  Pylon  
  125  8:54  Pylon  
  125  8:58  Observer, Probe x2  
  125  9:01  Sentry  
  125  9:02  Stalker x3, Sentry  
  138  9:12  Pylon x2  
  138  9:14  Pylon  
  138  9:17  Pylon  
  138  9:19  Warp Prism  
  140  9:27  Robotics Bay  
  140  9:28  Robotics Facility  
  140  9:30  Nexus  
  140  9:32  Stalker x3  
  140  9:34  Stalker  
  147  9:41  Stalker x3, Protoss Ground Armor Level 1 (Chrono Boost)  
  153  9:46  Pylon  
  152  9:58  Stalker x4  
  158  10:05  Stalker, Sentry  
  158  10:06  Stalker  
  160  10:18  Disruptor (Chrono Boost)  
  159  10:21  Adept x4  
  159  10:22  Disruptor (Chrono Boost)  
  155  10:29  Mothership Core  
  155  10:30  Adept x3  
  155  10:43  Adept x3  
  155  10:44  Adept  
  159  10:57  Adept x3  
  148  11:07  Disruptor (Chrono Boost)  
  148  11:10  Adept x4  
  154  11:13  Extended Thermal Lance (Chrono Boost)  
  144  11:33  Adept x4  
  144  11:34  Adept x3  
  144  11:38  Disruptor  
  151  11:46  Probe  
  149  11:47  Probe x2  
  152  11:58  Stalker  
  152  11:59  Stalker x3  
  152  12:00  Stalker x2  
  152  12:01  Stalker  
  145  12:11  Observer  
  132  12:22  Stalker  
  129  12:23  Stalker x4  
  136  12:33  Adept  
  125  12:41  Gateway  
  101  12:45  Adept, Gateway  
  101  12:46  Adept x3  
  101  12:47  Adept  
  101  12:48  Gateway  
Tags
 
Add a new tag
Caveats
  • Supply blocks, unpowered buildings, or Contaminate may cause inaccurate times.
  • Supply counts are checked every 10 seconds.